 Dungeon Crawl Stone Soup version 0.30-b1-2-g02819fbbbe (webtiles) character file.

Game seed: 16597418278052929200

3922 LLlMATKO the Cleaver (level 10, -4/90 HPs)
             Began as a Minotaur Berserker on Sept 17, 2023.
             Was a High Priest of Trog.
             Killed from afar by an electric eel (11 damage)
             ... with a bolt of electricity
             ... in a bailey.
             The game lasted 00:07:24 (6720 turns).

LLlMATKO the Cleaver (Minotaur Berserker)           Turns: 6720, Time: 00:07:26

Health: -4/90      AC:  9    Str: 25    XL:     10   Next: 1%
Magic:  9/9        EV: 13    Int:  4    God:    Trog [*****.]
Gold:   551        SH: 10    Dex: 11    Spells: 9/9 levels left

rFire   . . .        C - +0 broad axe
rCold   . . .        l - +0 buckler
rNeg    . . .        D - +0 swamp dragon scales
rPois   +            (helmet restricted)
rElec   .            (no cloak)
rCorr   .            (no gloves)
SInv    .            (no boots)
Will    .....        n - amulet of reflection
Stlth   +            (no ring)
HPRegen 0.35/turn    (no ring)
MPRegen 0.11/turn

%: reflection
@: on berserk cooldown, slowed, very slow
A: horns 2, retaliatory headbutt
a: Renounce Religion, Berserk, Trog's Hand, Brothers in Arms


You were in a bailey.
You worshipped Trog.
Trog was extremely pleased with you.
You visited 1 branch of the dungeon, and saw 7 of its levels.
You also visited: Ossuary and Bailey.

You collected 551 gold pieces.

Inventory:

Hand Weapons
 a - a +0 hand axe
 r - a +0 hand axe
 C - a +0 broad axe (weapon)
 H - a +0 halberd
Missiles
 B - 2 throwing nets (quivered)
Armour
 e - a +2 chain mail of cold resistance
 l - a +0 buckler (worn)
 D - +0 swamp dragon scales (worn)
Jewellery
 n - an amulet of reflection (around neck)
 y - an amulet of magic regeneration
Wands
 z - a wand of mindburst (18)
 A - a wand of flame (13)
Scrolls
 b - 3 scrolls of noise {unknown}
 g - 7 scrolls of identify
 j - a scroll of acquirement {unknown}
 m - a scroll of magic mapping
 p - a scroll of enchant weapon {unknown}
 s - a scroll of blinking {unknown}
 x - a scroll of poison {unknown}
 E - a scroll of teleportation
 G - a scroll of silence {unknown}
Potions
 c - 3 potions of berserk rage {unknown}
 d - a potion of invisibility {unknown}
 f - 9 potions of curing
 h - 4 potions of cancellation {unknown}
 i - 4 potions of haste {unknown}
 k - 5 potions of attraction {unknown}
 o - a potion of magic {unknown}
 q - a potion of mutation {unknown}
 t - a potion of lignification {unknown}
 u - 4 potions of heal wounds {unknown}
 v - 2 potions of flight {unknown}
 w - a potion of resistance {unknown}
 F - a potion of might {unknown}


   Skills:
 + Level 8.7 Fighting
 + Level 8.7 Axes
 + Level 8.2 Armour
 + Level 7.5 Dodging
 + Level 7.0 Shields


You had 9 spell levels left.
You didn't know any spells.
Your spell library was empty.

Dungeon Overview and Level Annotations

Branches:
Dungeon (7/15)             Temple (0/1) D:4         Ossuary (visited)
 Bailey (1/1)

Altars:
Ashenzari
Elyvilon
Gozag
Kikubaaqudgha
Qazlal
Sif Muna
Uskayaw
Vehumet
The Shining One

Shops:
D:1 ?


Innate Abilities, Weirdness & Mutations

You have a pair of horns on your head.
You reflexively headbutt those who attack you in melee.


Message History

The electric eel is almost dead.
The electric eel shoots out a bolt of lightning at you!
The bolt of electricity misses you.
The electric eel shoots out a bolt of lightning at you!
The bolt of electricity hits the electric eel.
The electric eel completely resists.
The bolt of electricity hits you! x2
* * * LOW HITPOINT WARNING * * *
You slash the electric eel!
You kill the electric eel!
Trog accepts your kill.
You hear a splash.
Your Shields skill increases to level 7!
Unknown command.
You enter the shallow water.
Moving in this stuff is going to be slow.
The electric eel shoots out a bolt of lightning at you!
The bolt of electricity hits you.
* * * LOW HITPOINT WARNING * * *
The bolt of electricity hits you!
* * * LOW HITPOINT WARNING * * *
The bolt of electricity hits the electric eel.
The electric eel completely resists.
The electric eel shoots out a bolt of lightning at you!
The bolt of electricity hits you.
* * * LOW HITPOINT WARNING * * *
You see here an electric eel corpse.
You feel a strong urge to attack something.
The electric eel shoots out a bolt of lightning at you!
The bolt of electricity hits you.
* * * LOW HITPOINT WARNING * * *
The bolt of electricity hits you.
* * * LOW HITPOINT WARNING * * *
There is an open door here.
You are no longer berserk.
You are exhausted.
You feel yourself slow down.
The electric eel shoots out a bolt of lightning at you!
The bolt of electricity hits the electric eel.
The electric eel completely resists.
The bolt of electricity hits you!
You die...

.#
#)†#.~≈≈≈≈≈≈≈
'#
#'##.~≈≈≈≈≈≈≈
.#
#[)#.~≈≈≈≈≈≈≈
)#
#..#.~≈≈≈≈≈≈≈
.#
#..#.~≈≈≈≈≈≈≈
.#
#..#.~≈≈≈≈≈≈≈
.#
#..#.SS≈≈≈≈≈≈
##
##'#'#≈≈≈≈≈≈≈
)#
#..@.#≈≈≈≈≈≈≈
.#
#....#≈≈≈≈≈≈≈
.#
#..###≈≈≈≈≈≈≈
.. ....+
≈≈≈≈≈≈≈ ##~
~~####
≈≈≈≈≈≈≈ ≈
≈≈≈≈ ≈≈≈≈≈≈≈
≈ ≈≈≈ ≈≈≈


You could see 2 electric eels.

Vanquished Creatures
  A two-headed ogre (D:5)
  An orc sorcerer (Bailey)
  Maggie (D:6)
  The ghost of coenern the Chiller, an amateur MfIE of Gozag (D:4)
  A water moccasin (D:4)
  3 ice beasts
  4 orc warriors
  2 black bears
  A centaur (D:6)
  An ogre (D:6)
  A bullfrog (D:6)
  Blork the orc (D:4)
  3 scorpions
  2 howler monkeys
  2 electric eels (Bailey)
  2 jellies (D:5)
  2 orc priests (D:6)
  A bullfrog skeleton (D:4)
  A gnoll bouda (D:3)
  5 hounds
  An iguana (D:5)
  A centaur skeleton (D:4)
  4 orc wizards
  8 mummies (Ossuary)
  18 gnolls
  12 adders
  A white imp (D:6)
  2 worms
  A dart slug (D:1)
  30 orcs
  10 endoplasms
  3 giant cockroaches
  19 goblins
  13 hobgoblins
  4 quokkas
  6 ball pythons
  7 bats
  3 frilled lizards (D:1)
  4 gnoll zombies (Ossuary)
  3 hobgoblin zombies (Ossuary)
  8 kobolds
  An orc zombie (Ossuary)
  4 rats
199 creatures vanquished.

Vanquished Creatures (others)
  13 plants
13 creatures vanquished.

Grand Total: 212 creatures vanquished

Notes
Turn   | Place    | Note
-------+----------+-------------------------------------------
     0 | D:1      | LLlMATKO the Minotaur Berserker began the quest for the
                  | Orb.
     0 | D:1      | Reached XP level 1. HP: 19/19 MP: 0/0
   132 | D:1      | Reached XP level 2. HP: 27/27 MP: 1/1
   337 | D:1      | Found Ebloto Momy's Magic Scroll Shoppe.
   459 | D:1      | Reached ** piety under Trog
   468 | D:1      | Reached XP level 3. HP: 33/33 MP: 2/2
  1131 | D:2      | Reached XP level 4. HP: 40/40 MP: 3/3
  1458 | D:3      | Noticed a black bear
  1467 | D:3      | Killed a black bear
  1468 | D:3      | Reached XP level 5. HP: 47/47 MP: 4/4
  1604 | D:3      | Found an opulent altar of Gozag.
  1622 | D:3      | Found a glowing golden altar of the Shining One.
  1675 | D:3      | Reached skill level 5 in Axes
  1676 | D:3      | Reached skill level 5 in Fighting
  1676 | D:3      | Reached skill level 1 in Shields
  1894 | D:3      | Found a broken altar of Ashenzari.
  1905 | D:3      | Reached XP level 6. HP: 56/56 MP: 5/5
  2007 | D:3      | Found a stormy altar of Qazlal.
  2018 | D:3      | Reached *** piety under Trog
  2037 | D:3      | Found a hide-covered altar of Uskayaw.
  2037 | D:3      | Noticed a +0 dagger
  2037 | D:3      | Noticed a +0 short sword
  2038 | D:3      | Noticed a +0 spear
  2039 | D:3      | Noticed a +0 short sword
  2039 | D:3      | Noticed a +0 spear
  2040 | D:3      | Noticed a +0 falchion
  2041 | D:3      | Noticed a +0 dagger
  2042 | D:3      | Noticed a +0 falchion
  2071 | D:3      | Found a shimmering blue altar of Sif Muna.
  2615 | D:4      | Found a radiant altar of Vehumet.
  2727 | D:4      | Found a runed translucent gate.
  2727 | D:4      | Found a runed translucent gate.
  2729 | D:4      | Found a runed translucent gate.
  2732 | D:4      | Noticed coenern's ghost (amateur MfIE)
  3001 | D:4      | Noticed Blork the orc
  3008 | D:4      | Killed Blork the orc
  3009 | D:4      | Reached XP level 7. HP: 61/61 MP: 6/6
  3173 | D:4      | Reached skill level 5 in Armour
  3414 | D:4      | Found a staircase to the Ecumenical Temple.
  3743 | D:4      | Killed coenern's ghost
  3745 | D:4      | Reached skill level 5 in Dodging
  3808 | D:5      | Entered Level 5 of the Dungeon
  3888 | D:5      | Found a sand-covered staircase.
  3910 | Ossuary  | Entered an ossuary
  4254 | D:5      | Reached XP level 8. HP: 56/71 MP: 7/7
  4773 | D:5      | Reached **** piety under Trog
  4797 | D:5      | Noticed a two-headed ogre
  4806 | D:5      | Killed a two-headed ogre
  4807 | D:5      | Reached skill level 5 in Shields
  4807 | D:5      | Reached XP level 9. HP: 60/79 MP: 8/8
  5334 | D:6      | Noticed Maggie
  5355 | D:6      | Killed Maggie
  5671 | D:6      | Found an ancient bone altar of Kikubaaqudgha.
  5891 | D:6      | Found a white marble altar of Elyvilon.
  6236 | D:7      | Found a flagged portal.
  6254 | Bailey   | Entered a bailey
  6541 | Bailey   | Reached ***** piety under Trog
  6612 | Bailey   | Noticed an orc sorcerer
  6622 | Bailey   | Killed an orc sorcerer
  6623 | Bailey   | Reached XP level 10. HP: 90/90 MP: 9/9
  6720 | Bailey   | Killed from afar by an electric eel

Illustrated notes

Levels and vault maps discovered:
D:1:      heliophobic_arrival_glass_houses, layout_loops_ring, serial_shops,
          nicolae_shop_tiny_real_fake_doors, serial_bayou_ford_a,
          minmay_misc_feat_plants
D:2:      layout_basic
D:3:      layout_loops_ring, grunt_qazlal_clouds, led_sif_book,
          ashenzari_altar_1, mainiacjoe_overflow_concentric_impassable,
          nicolae_uskayaw_en_pointe, grunt_gozag_statues, st_stairs_11
D:4:      layout_cave_pods, vehumet_crystals, gammafunk_ghost_necromancy,
          chequers_serial_rivers_micro_e, uniq_crazy_yiuf_cottage,
          uniq_blork_the_orc
D:5:      layout_basic, nicolae_ossuary_entry_false_entrances
D:6:      layout_loops_cross, kennysheep_mini_moat,
          nicolae_elyvilon_temple_path, uniq_maggie
D:7:      layout_basic, nzn_hepliaklqana_mist_gate,
          lightli_bailey_entry_fortress, gammafunk_ghost_abyssal_escape
Bailey:   bailey_axe_of_yendor_kennysheep, bailey

Skill      XL: |  1  2  3  4  5  6  7  8  9 10 |
---------------+-------------------------------+-----
Axes           | 4 5 6 7 8 |  8.7
Fighting       | 4 5 6 7 8 |  8.7
Armour         | 3 4 5 6 8 |  8.2
Dodging        | 3 4 5 6 7 |  7.5
Shields        | 1 2 3 5 6 7 |  7.0

Action                     |  1- 3 |  4- 6 |  7- 9 | 10-12 || total
---------------------------+-------+-------+-------+-------++-------
  Melee: Hand axe          |    73 |   102 |   184 |       ||   359
         Headbutt          |     3 |    18 |    78 |     1 ||   100
         Spear             |       |    24 |       |       ||    24
         Broad axe         |       |       |   123 |     3 ||   126
 Invoke: Berserk           |       |     3 |     9 |     1 ||    13
    Use: Scroll            |       |       |     5 |       ||     5
   Stab: Sleeping          |     2 |       |       |       ||     2
 Armour: Animal skin       |     4 |       |       |       ||     4
         Chain mail        |    24 |    63 |    69 |       ||   156
         Swamp dragon scal |       |       |    15 |       ||    15
  Dodge: Dodged            |    56 |    48 |    90 |     2 ||   196
  Block: Buckler           |       |    23 |   150 |       ||   173
         Reflection        |       |       |     2 |       ||     2
